Map: Hardwire LE

Players

Aurelius

  • Race: Zerg Zerg
  • League: Master
  • Spawn Location: 7:00

Pumba - Winner!

  • Race: Protoss Protoss
  • League: Diamond
  • Spawn Location: 1:00

VOD

Have the link to the VOD?

Description

Time

  • Played on: March 15, 2022, 10:08 p.m.
  • Length: 9:39
Show
View Real Time Build Order
Export as new Build Order

Aurelius Zerg 

Build Orders: Pool First 

Get SALT Encoding   

  12  0:00  Drone  
  13  0:12  Overlord  
  13  0:16  Drone  
  14  0:31  Drone x2  
  16  0:40  Spawning Pool  
  15  0:44  Drone  
  15  0:47  Drone  
  17  1:09  Hatchery  
  16  1:13  Drone  
  17  1:27  Zergling x4  
  17  1:28  Zergling x2  
  17  1:30  Queen  
  22  1:39  Overlord  
  22  1:57  Hatchery  
  21  2:06  Drone x2  
  23  2:12  Drone  
  24  2:21  Queen, Drone  
  27  2:24  Drone  
  28  2:35  Drone x2  
  30  2:38  Overlord  
  30  2:40  Drone x2  
  32  2:45  Drone x2  
  34  2:53  Drone  
  34  2:57  Queen, Drone  
  38  3:05  Overlord  
  37  3:08  Drone  
  37  3:11  Drone x4  
  42  3:13  Extractor  
  42  3:15  Extractor  
  42  3:16  Drone  
  41  3:20  Queen  
  41  3:24  Overlord  
  41  3:26  Drone  
  44  3:27  Drone  
  44  3:31  Drone x2  
  47  3:34  Drone  
  47  3:35  Drone  
  49  3:44  Drone x2  
  49  3:46  Roach Warren  
  50  3:51  Overlord  
  50  3:57  Drone x3  
  50  3:58  Drone  
  50  4:00  Extractor  
  50  4:01  Queen  
  55  4:07  Lair  
  55  4:11  Overlord  
  55  4:18  Evolution Chamber  
  54  4:26  Metabolic Boost  
  54  4:27  Roach  
  54  4:28  Roach  
  54  4:30  Zergling x12  
  64  4:33  Roach  
  66  4:39  Overlord  
  66  4:46  Overlord  
  66  4:47  Overlord  
  66  4:49  Roach x2  
  66  4:50  Roach  
  72  4:54  Zerg Missile Weapons Level 1  
  72  4:58  Roach  
  72  4:59  Roach  
  76  5:05  Overseer  
  74  5:10  Overseer  
  74  5:14  Zergling x16  
  72  5:18  Queen  
  76  5:27  Overlord  
  76  5:29  Glial Reconstitution  
  76  5:30  Drone  
  76  5:31  Drone x3  
  76  5:34  Spore Crawler  
  79  5:37  Drone  
  79  5:38  Spine Crawler  
  79  5:42  Drone x2  
  81  5:43  Drone  
  81  5:47  Drone x2  
  84  5:50  Drone  
  84  5:55  Overlord  
  84  5:56  Roach x2  
  89  6:02  Roach x3  
  95  6:07  Queen  
  94  6:19  Roach x6  
  104  6:28  Ravager  
  104  6:29  Roach x2  
  104  6:30  Roach x2, Extractor  
  112  6:33  Ravager  
  112  6:37  Overlord  
  113  6:52  Overlord x4  
  111  7:02  Drone x3  
  111  7:03  Drone x6  
  111  7:04  Extractor  
  111  7:06  Extractor  
  118  7:10  Ravager x4  
  118  7:11  Overlord x2  
  122  7:17  Hatchery  
  122  7:18  Drone  
  122  7:19  Drone x2  
  124  7:23  Roach  
  118  7:37  Roach  
  118  7:38  Roach x8  
  128  7:47  Roach x4  
  130  7:53  Roach  
  130  7:54  Queen  
  130  7:55  Queen  
  134  8:01  Roach x4  
  142  8:07  Ravager x2  
  142  8:08  Zergling x10  
  147  8:13  Spine Crawler  
  147  8:14  Roach x2  
  147  8:26  Roach  
  134  8:27  Roach x5  
  134  8:31  Overseer  
  109  8:35  Zergling x12  
  111  8:42  Roach x3  
  117  8:51  Roach x5  
  112  8:57  Roach  
  105  9:04  Roach x3  
  99  9:10  Roach  
  99  9:11  Roach  
  99  9:16  Spine Crawler  
  81  9:32  Roach Warren  
Show
View Real Time Build Order
Export as new Build Order

Pumba Protoss - Winner!

Build Orders: 1 Gate Expand, Zealot Archon, Archon Drop, Dark Templar Rush 

Get SALT Encoding   

  12  0:00  Probe  
  13  0:12  Probe  
  14  0:20  Pylon  
  14  0:26  Probe  
  15  0:38  Probe (Chrono Boost)  
  15  0:40  Gateway  
  16  0:46  Assimilator  
  17  0:50  Probe (Chrono Boost)  
  17  0:55  Probe (Chrono Boost)  
  18  1:05  Probe  
  19  1:17  Probe  
  20  1:26  Nexus  
  20  1:33  Cybernetics Core  
  20  1:37  Probe  
  21  1:48  Zealot (Chrono Boost)  
  21  1:50  Pylon  
  23  2:03  Assimilator  
  23  2:08  Probe  
  23  2:12  Adept (Chrono Boost), Warp Gate  
  25  2:20  Probe  
  26  2:32  Probe  
  26  2:35  Twilight Council  
  27  2:40  Stalker (Chrono Boost)  
  29  2:44  Probe (Chrono Boost)  
  29  2:50  Probe (Chrono Boost)  
  31  2:55  Probe (Chrono Boost)  
  33  2:59  Probe (Chrono Boost)  
  33  3:00  Robotics Facility, Probe (Chrono Boost)  
  32  3:09  Probe  
  32  3:12  Probe  
  34  3:21  Probe  
  34  3:24  Probe  
  36  3:30  Dark Shrine  
  36  3:31  Gateway  
  36  3:33  Gateway  
  36  3:36  Gateway  
  36  3:41  Probe x2  
  38  3:49  Warp Prism (Chrono Boost)  
  38  3:53  Probe  
  41  3:58  Probe, Pylon  
  42  4:06  Probe  
  43  4:10  Probe, Assimilator  
  43  4:12  Assimilator  
  43  4:13  Adept  
  46  4:18  Pylon  
  46  4:22  Pylon  
  46  4:23  Probe  
  47  4:25  Probe  
  48  4:35  Probe  
  48  4:37  Probe  
  50  4:47  Probe  
  50  4:49  Probe  
  50  4:50  Dark Templar x4  
  60  5:20  Probe  
  61  5:24  Immortal (Chrono Boost)  
  65  5:29  Charge (Chrono Boost)  
  65  5:35  Gateway  
  65  5:36  Gateway  
  65  5:38  Archon, Gateway  
  65  5:39  Archon  
  65  5:41  Gateway  
  65  5:42  Gateway  
  65  5:46  Nexus, Pylon  
  65  5:57  Observer (Chrono Boost)  
  67  6:00  Pylon  
  66  6:04  Pylon  
  66  6:07  Pylon  
  66  6:22  Immortal (Chrono Boost)  
  70  6:46  Dark Templar x2  
  70  6:47  Dark Templar x2  
  74  6:54  Zealot x4  
  82  7:02  Archon x2  
  82  7:13  Dark Templar  
  82  7:15  Dark Templar x2  
  86  7:16  Dark Templar  
  86  7:19  Archon  
  86  7:20  Archon  
  86  7:21  Zealot x5  
  100  7:27  Pylon  
  100  7:29  Pylon  
  100  7:39  Zealot  
  98  7:48  Zealot x4  
  98  7:49  Zealot x4  
  110  8:09  Zealot x4  
  92  8:31  Dark Templar x4  
  92  8:32  Zealot x5  
  88  8:44  Archon x2  
  82  9:00  Zealot x5  
  82  9:08  Zealot x4  
  82  9:25  Zealot x4  
Tags
 
Add a new tag
Caveats
  • Supply blocks, unpowered buildings, or Contaminate may cause inaccurate times.
  • Supply counts are checked every 10 seconds.